 Dungeon Crawl Stone Soup version 0.31-a0-455-g1a7b003ef0 (webtiles) character file.

Game seed: 15823566441336715767

21257 Newt the Impaler (level 12, -15/100 HPs)
             Began as a Merfolk Gladiator on Aug 3, 2023.
             Was an Elder of Okawaru.
             Killed from afar by an efreet (25 damage)
             ... with a bolt of fire
             ... on level 12 of the Dungeon.
             The game lasted 00:18:58 (12269 turns).

Newt the Impaler (Merfolk Gladiator)               Turns: 12269, Time: 00:18:59

Health: -15/100    AC: 27    Str: 22    XL:     12   Next: 88%
Magic:  23/23      EV: 26    Int: 14    God:    Okawaru [****..]
Gold:   757        SH:  0    Dex: 16    Spells: 19/25 levels left

rFire   . . .        k - +5 spear (venom)
rCold   . . .        (no shield)
rNeg    . . .        G - +10 chain mail of the Evening {Str+4}
rPois   .            c - +0 helmet
rElec   .            F - +2 cloak
rCorr   .            u - +2 pair of gloves
SInv    .            g - +1 pair of boots
Will    .....        L - amulet of the acrobat Stlth
                     K - +6 ring of intelligence
HPRegen 0.36/turn    E - ring of flight
MPRegen 0.18/turn

%: acrobat
@: mighty, on berserk cooldown, acrobatic, flying, slowed, very slow
A: (nimble swimmer 2), mertail
a: Renounce Religion, Heroism, Finesse


You were on level 12 of the Dungeon.
You worshipped Okawaru.
Okawaru was greatly pleased with you.
You visited 2 branches of the dungeon, and saw 12 of its levels.
You also visited: Sewer, Ossuary and Bailey.

You collected 767 gold pieces.
You spent 10 gold pieces at shops.

Inventory:

Hand Weapons
 a - a +0 trident
 k - a +5 spear of venom (weapon)
 N - a +1 vampiric glaive
 O - a +4 spear
 U - the +8 Vampire's Tooth {megavamp}
   (You found it on level 11 of the Dungeon)
Missiles
 d - 2 throwing nets
 e - 10 javelins
Armour
 b - a +0 leather armour
 c - a +0 helmet (worn)
 g - a +1 pair of boots (worn)
 i - a +0 cloak
 u - a +2 pair of gloves (worn)
 F - a +2 cloak (worn)
 G - the +10 chain mail of the Evening (worn) {Str+4}
   (You found it on level 7 of the Dungeon)

   Str:       It affects your strength (+4).
 P - a +3 scale mail of fire resistance
 Q - a +10 plate armour of ponderousness
Jewellery
 v - a ring of poison resistance
 E - a ring of flight (right hand)
 K - a +6 ring of intelligence (left hand)
 L - an amulet of the acrobat (around neck)
 R - an amulet of faith
 T - a ring of positive energy
 W - an amulet of magic regeneration
Wands
 t - a wand of digging (10)
 x - a wand of iceblast (17)
 S - a wand of mindburst (22)
 V - a wand of quicksilver (6)
Scrolls
 f - 5 scrolls of poison
 h - 4 scrolls of amnesia
 j - 8 scrolls of teleportation
 p - 4 scrolls of fear
 r - 3 scrolls of fog
 y - 2 scrolls of enchant armour
 C - 5 scrolls of vulnerability
 J - a scroll of blinking
Potions
 l - a potion of ambrosia
 m - 3 potions of lignification
 n - 6 potions of enlightenment
 o - 2 potions of degeneration
 q - 3 potions of curing
 s - 4 potions of haste
 w - 4 potions of invisibility
 z - 2 potions of heal wounds
 A - 2 potions of might
 B - 2 potions of mutation {unknown}
 D - 2 potions of berserk rage
 H - a potion of brilliance {unknown}
 I - a potion of magic {unknown}
 M - a potion of cancellation {unknown}


   Skills:
 - Level 11.2 Fighting
 - Level 18.0 Polearms
 - Level 2.0 Throwing
 - Level 7.0 Dodging
 - Level 7.4 Spellcasting
 - Level 8.9 Ice Magic
 + Level 5.6 Evocations


You had 19 spell levels left.
You knew the following spells:

 Your Spells              Type           Power      Damage    Failure   Level
a - Frozen Ramparts       Ice            60%        1d10      8%          3
b - Ozocubu's Armour      Ice            30%        N/A       8%          3

Your spell library contained the following spells:

 Spells                   Type           Power      Damage    Failure   Level
 Ensorcelled Hibernation  Hex/Ice        34%        N/A       26%         2
 Passwall                 Tmut/Erth      4%         N/A       83%         2
 Poisonous Vapours        Pois/Air       10%        N/A       83%         2
 Mephitic Cloud           Conj/Pois/Air  5%         N/A       97%         3
 Portal Projectile        Hex/Tloc       10%        N/A       97%         3
 Swiftness                Air            5%         N/A       97%         3
 Metabolic Englaciation   Hex/Ice        8%         N/A       99%         5
 Iskenderun's Mystic Bla  Conj/Tloc      5%         2d3       100%        4
 Leda's Liquefaction      Hex/Erth       2%         N/A       100%        4
 Passage of Golubria      Tloc           5%         N/A       100%        4
 Petrify                  Tmut/Erth      5%         N/A       100%        4
 Freezing Cloud           Conj/Ice/Air   6%         6-21      100%        5
 Lee's Rapid Deconstruct  Erth           2%         3d5*      100%        5
 Silence                  Hex/Air        2%         N/A       100%        5
 Leda's Unmaking          Conj/Erth      2%         9d1       100%        6
 Lehudib's Crystal Spear  Conj/Erth      2%         10d2      100%        8
 Tukima's Dance           Hex            Unusable   N/A       N/A         3
 Simulacrum               Ice/Necr       Unusable   N/A       N/A         6

Dungeon Overview and Level Annotations

Branches:
Dungeon (12/15)            Temple (1/1) D:5            Lair (0/5) D:9
    Orc (0/2) D:11          Sewer (visited)         Ossuary (visited)
 Bailey (visited)

Altars:
Ashenzari
Cheibriados
Dithmenos
Elyvilon
Fedhas
Gozag
Hepliaklqana
Kikubaaqudgha
Makhleb
Nemelex Xobeh
Okawaru
Qazlal
Ru
Sif Muna
Trog
Uskayaw
Vehumet
Wu Jian
Xom
Yredelemnul
Zin
The Shining One

Shops:
D:7 *[(*[(

Annotations:
D:10 6 transporters


Innate Abilities, Weirdness & Mutations

((You are very nimble when in or above water. (Stealth+, EV+, Speed+++)))
Your lower body shifts to a powerful aquatic tail in water.


Message History

The tengu conjurer pecks you but does no damage.
The tengu conjurer claws you.
* * * LOW HITPOINT WARNING * * *
Something hits you but does no damage.
You bump into the stone wall.
The tengu conjurer gestures wildly while chanting.
The tengu conjurer conjures a globe of magical energy!
Something hits you.
* * * LOW HITPOINT WARNING * * *
A battlesphere comes into view.
Unknown command.
You're too confused to move!
You feel less invigorated.
You feel less confused.
The tengu conjurer gestures at you while chanting.
The bolt of lightning misses you.
The tengu conjurer hits you but does no damage.
The tengu conjurer barely misses you. x2
Something hits you but does no damage.
You miss the tengu conjurer.
The tengu conjurer is severely wounded.
The tengu conjurer casts a spell.
The tengu conjurer blinks!
Unknown command.
The efreet completely misses you. Something hits you.
* * * LOW HITPOINT WARNING * * *
The tengu conjurer mumbles some strange words.
The tengu conjurer blinks!
The cyclops misses you.
Things that are here:
+0 acid dragon scales; an acid dragon corpse; a vampire mosquito corpse Unknown command.
Unknown command.
You puncture the tengu conjurer!
You kill the tengu conjurer!
Okawaru accepts your kill.
The battlesphere dissipates.
The efreet barely misses you. Something hits you!
* * * LOW HITPOINT WARNING * * *
Unknown command.
The efreet gestures at you. The bolt of fire hits you!!
You die...

......# ## ### ##
......# .##?##.
.....# #...:☼# #....#
#..~..# #....#
#)RC{.# ####....# #[#
.......# #@#
.......#♣ ♣#♣♣.♣♣
..##.#.#. .#♣...♣
>###.#.#. .#♣♣.♣♣ .#
#.#.#.♣♣♣.#♣...♣ .#
#.#.#♣...♣ ♣♣.♣♣
.###.#.#♣...♣#♣)..♣#
.....#.#.♣♣♣)♣.~~~.♣♣
.#####.[.♣
♣...~~~.....


You could see a cyclops and an efreet.

Vanquished Creatures
  Erica (D:11)
  2 hydras (D:12)
  A two-headed ogre (D:11)
  3 ugly things (D:12)
  A cyclops (D:10)
  A slime creature (D:12)
  2 unseen horrors
  2 gargoyles
  A komodo dragon (D:12)
  4 kobold demonologists
  A tengu conjurer (D:12)
  2 tyrant leeches (D:11)
  3 trolls
  Grinder (D:3)
  A hornet (D:9)
  6 vampires
  14 yaks
  4 wraiths
  4 wyverns
  A basilisk (D:12)
  12 vampire mosquitoes
  Edmund (D:5)
  2 acid dragons
  A water moccasin (D:6)
  Pargi (Sewer)
  2 orc warriors
  2 sky beasts
  5 ice beasts
  5 black bears
  2 centaurs
  A phantom (D:5)
  5 kobold brigands
  4 bullfrogs
  A scorpion (D:7)
  13 killer bees
  9 vampire bats (Bailey)
  7 howler monkeys
  7 wolf zombies (Bailey)
  2 jellies
  2 hounds
  3 orc priests
  A sleepcap (D:5)
  3 iguanas
  Jessica (D:3)
  Natasha (twice) (D:3)
  7 orc wizards
  A hound zombie (D:3)
  A mummy (Ossuary)
  4 gnolls
  A howler monkey skeleton (D:3)
  18 orc zombies (Bailey)
  9 adders
  2 white imps
  2 ufetubi
  2 adder skeletons (D:3)
  3 worms (D:2)
  A dart slug (D:5)
  33 orcs
  14 bats
  7 endoplasms
  5 giant cockroaches
  4 goblins
  4 hobgoblins
  2 jackals (D:2)
  4 quokkas
  4 ball pythons
  5 frilled lizards
  4 gnoll skeletons (Ossuary)
  21 kobolds
  6 kobold skeletons (Ossuary)
  15 orc skeletons (Ossuary)
  A quokka zombie (D:3)
  4 rats
333 creatures vanquished.

Vanquished Creatures (others)
  A slime creature (D:12)
1 creature vanquished.

Grand Total: 334 creatures vanquished

Notes
Turn   | Place    | Note
-------+----------+-------------------------------------------
     0 | D:1      | Newt the Merfolk Gladiator began the quest for the Orb.
     0 | D:1      | Reached XP level 1. HP: 16/16 MP: 1/1
   460 | D:1      | Reached XP level 2. HP: 24/24 MP: 2/2
   987 | D:1      | Reached XP level 3. HP: 10/30 MP: 3/3
  1497 | D:2      | Reached XP level 4. HP: 34/38 MP: 4/4
  1693 | D:2      | Reached skill level 5 in Fighting
  1962 | D:3      | Noticed Jessica
  1965 | D:3      | Killed Jessica
  1966 | D:3      | Reached skill level 5 in Polearms
  1966 | D:3      | Reached XP level 5. HP: 44/44 MP: 5/5
  1997 | D:3      | Found a hide-covered altar of Uskayaw.
  2030 | D:3      | Noticed Grinder
  2054 | D:3      | Noticed Natasha
  2062 | D:3      | Killed Grinder
  2063 | D:3      | Reached skill level 7 in Polearms
  2063 | D:3      | Reached XP level 6. HP: 18/51 MP: 6/6
  2067 | D:3      | Killed Natasha
  2072 | D:3      | Reached skill level 8 in Polearms
  2163 | D:3      | Noticed Natasha
  2168 | D:3      | Killed Natasha
  2212 | D:3      | You fall into a shaft and drop 2 floors!
  2212 | D:5      | Entered Level 5 of the Dungeon
  2240 | D:5      | Reached XP level 7. HP: 56/56 MP: 7/7
  2263 | D:5      | Noticed Edmund
  2281 | D:5      | Killed Edmund
  2282 | D:5      | Reached skill level 9 in Polearms
  2480 | D:5      | Reached skill level 10 in Polearms
  2501 | D:5      | Reached skill level 5 in Dodging
  2556 | D:5      | Found a glowing drain.
  2578 | Sewer    | Entered a sewer
  2785 | Sewer    | Reached XP level 8. HP: 62/62 MP: 8/8
  2843 | Sewer    | Noticed Pargi
  2853 | Sewer    | Killed Pargi
  2978 | D:5      | Found an ancient bone altar of Kikubaaqudgha.
  3110 | D:5      | Found a staircase to the Ecumenical Temple.
  3181 | Temple   | Entered the Ecumenical Temple
  3218 | D:5      | Found a shadowy altar of Dithmenos.
  3218 | D:5      | Found a stormy altar of Qazlal.
  3413 | D:6      | Reached skill level 11 in Polearms
  3488 | D:6      | Reached skill level 12 in Polearms
  3812 | D:6      | Reached XP level 9. HP: 60/68 MP: 9/9
  3900 | D:6      | Reached skill level 13 in Polearms
  4360 | D:6      | Found a shimmering blue altar of Sif Muna.
  4440 | D:7      | Found Laewue's Antique Weapon Emporium.
  4486 | D:7      | Found Rostribi's Armour Boutique.
  4487 | D:7      | Found Idwiom's CLEARANCE SALE!.
  4543 | D:7      | Found a sand-covered staircase.
  4548 | Ossuary  | Entered an ossuary
  4699 | Ossuary  | Reached skill level 14 in Polearms
  4783 | D:7      | Reached XP level 10. HP: 74/74 MP: 9/21
  4788 | D:7      | Learned a level 3 spell: Frozen Ramparts
  4917 | D:7      | Identified the +10 chain mail of the Evening {Str+4}
  5056 | D:7      | Found Meadakiv's Antique Weapon Boutique.
  5149 | D:7      | Bought a scroll of identify for 10 gold pieces
  5186 | D:7      | Found Awnystroe's Antique Armour Shoppe.
  5190 | D:7      | Found Xazxian's Assorted Antiques.
  5227 | D:7      | Found a hazy altar of Hepliaklqana.
  5874 | D:8      | Identified the +9 short sword "Uwkonoaj" {freeze, Dex+4}
  5886 | D:8      | Learned a level 3 spell: Ozocubu's Armour
  6838 | D:8      | Found an opulent altar of Gozag.
  6957 | D:9      | Found a staircase to the Lair.
  7137 | D:9      | Found a flagged portal.
  7154 | D:9      | Reached XP level 11. HP: 86/86 MP: 22/22
  7223 | Bailey   | Entered a bailey
  7489 | Bailey   | Identified the +2 ring mail "Depnu" {rElec rF- rCorr}
  7498 | Bailey   | Identified the +9 great mace of Malaise {spect, *Slow rPois
                  | Will+ Dex+4}
  7742 | D:9      | Found a snail-covered altar of Cheibriados.
  7862 | D:9      | Reached skill level 10 in Fighting
  8417 | D:10     | Entered Level 10 of the Dungeon
  8468 | D:10     | Found a transporter.
  8479 | D:10     | Found a transporter.
  8521 | D:10     | Noticed a cyclops
  8538 | D:10     | Killed a cyclops
  9155 | D:10     | Found a transporter.
  9155 | D:10     | Found a transporter.
  9156 | D:10     | Found a transporter.
  9157 | D:10     | Found a transporter.
  9292 | D:10     | Found an iron altar of Okawaru.
  9454 | D:10     | Found a shimmering altar of Xom.
  9522 | D:10     | Became a worshipper of Warmaster Okawaru
  9587 | D:11     | Reached skill level 15 in Polearms
  9804 | D:11     | Reached * piety under Okawaru
  9810 | D:11     | Reached XP level 12. HP: 68/100 MP: 23/23
 10279 | D:11     | Found the +8 Vampire's Tooth {megavamp}
 10301 | D:11     | Reached skill level 16 in Polearms
 10550 | D:11     | Found a staircase to the Orcish Mines.
 10610 | D:11     | Noticed Erica
 10661 | D:11     | Killed Erica
 10661 | D:11     | Reached ** piety under Okawaru
 10805 | D:11     | Noticed a two-headed ogre
 10815 | D:11     | Killed a two-headed ogre
 10935 | D:10     | Reached skill level 17 in Polearms
 11919 | D:12     | Reached *** piety under Okawaru
 11950 | D:12     | Reached skill level 18 in Polearms
 12112 | D:12     | Reached skill level 1 in Evocations
 12166 | D:12     | Noticed a six-headed hydra
 12166 | D:12     | Noticed an eight-headed hydra
 12167 | D:12     | Noticed an ogre mage
 12182 | D:12     | Received a gift from Okawaru
 12207 | D:12     | Killed an eight-headed hydra
 12218 | D:12     | Killed a six-headed hydra
 12230 | D:12     | Reached skill level 5 in Evocations
 12249 | D:12     | Reached **** piety under Okawaru
 12269 | D:12     | Killed from afar by an efreet

Illustrated notes

Levels and vault maps discovered:
D:1:      mrwooster_arrival_statue_2, layout_basic, chequers_jeans
D:2:      layout_rooms, chequers_arboretum
D:3:      layout_rooms, mainiacjoe_overflow_boulevard, serial_undead,
          serial_undead_c, serial_undead_c, serial_undead_a, serial_undead_d,
          interstate_on_off, hangedman_decor_slide_cut, uniq_sigmund,
          uniq_natasha, uniq_jessica, uniq_grinder
D:5:      layout_loops_ring, lemuel_coloured_pillars_altar,
          amethyst_overflow_temple_binary, minmay_temple_entry_slanted,
          portal_sewer_entry_f, uniq_edmund
D:6:      minmay_skewed_foursquare, layout_loops_ring, lemuel_blue_sif_altar,
          roderic_batcave
D:7:      layout_cave_pools, worldfamousw_hep_ancestral_shrine,
          serial_column_ruins, column_ruins_hut, column_ruins_hut,
          column_ruins_corridor_T, column_ruins_columns_straight,
          column_ruins_columns_straight, serial_shops, nicolae_stop_n_shop_1,
          shop, nicolae_shop_window_shopping, nicolae_shop_tiny_waterfront,
          shop, nicolae_ossuary_entry_plus, grunt_ministairs_2,
          nicolae_shop_clearance
D:8:      layout_basic, lemuel_doored_altar
D:9:      layout_basic, mainiacjoe_overflow_brackets, david_lair_generic,
          special_room [special_room_orc], enter_bailey_6
D:10:     layout_small_grid, lemuel_tele_altar, okawaru_altar_gauntlet_db,
          serial_nicolae_subway, nicolae_sub_station_metal,
          nicolae_sub_station_stone, nicolae_sub_station_crystal
D:11:     layout_irregular_city, orc_0_dummy,
          minmay_guarded_unrand_vampires_tooth, uniq_erica
D:12:     nzn_winding_woodlands_three_and_one
          [nzn_winding_woodlands_5x15_zeroes, nzn_winding_woodlands_5x15_pool,
          nzn_winding_woodlands_5x15_default,
          nzn_winding_woodlands_center_pierced_h], layout_basic,
          dreamdust_princess_bridge, makhleb_altar_promises_db, uniq_azrael
Temple:   minmay_temple_bridge_abc

Skill      XL: |  1  2  3  4  5  6  7  8  9 10 11 12 |
---------------+-------------------------------------+-----
Fighting       | 3 4 5 7 11 | 11.2
Polearms       | 5 7 8 10 12 14 15 18 | 18.0
Dodging        | 5 7 |  7.0
Spellcasting   | 7 |  7.4
Ice Magic      | 8 |  8.9
Evocations     | 5 |  5.6
Throwing       | |  2.0

Action                     |  1- 3 |  4- 6 |  7- 9 | 10-12 || total
---------------------------+-------+-------+-------+-------++-------
  Melee: Trident           |    42 |       |       |       ||    42
         Punch             |     1 |       |     2 |    13 ||    16
         Spear             |    26 |   103 |   297 |  1196 ||  1622
  Throw: Throwing net      |       |       |     1 |     1 ||     2
   Cast: Frozen Ramparts   |       |       |       |     1 ||     1
    Use: Scroll            |     5 |     2 |    11 |     4 ||    22
         Potion            |       |       |     1 |    10 ||    11
   Stab: Sleeping          |     2 |     1 |     5 |       ||     8
         Distracted        |       |     1 |     1 |     1 ||     3
         Held in net/web   |       |       |     1 |     1 ||     2
 Armour: Leather armour    |    16 |    18 |    46 |     2 ||    82
         Chain mail        |       |       |       |   481 ||   481
  Dodge: Dodged            |    42 |    36 |    83 |   387 ||   548

Table legend: (Time is in decaauts)
 A = Elapsed time spent in this place.
 B = Non-inter-level travel time spent in this place.
 C = Inter-level travel time spent in this place.
 D = Time resting spent in this place.
 E = Time spent auto-exploring this place.
 F = Levels seen in this place.
 G = Mean time per level.
                   A        B        C        D        E       F      G
               +--------+--------+--------+--------+--------+-----+--------+
         Total |  11486 |  11052 |    434 |   1820 |   6901 |  15 |  765.7 |
       Dungeon |  10589 |  10156 |    433 |   1627 |   6549 |  11 |  962.6 |
        Temple |      1 |      1 |      0 |      0 |      0 |   1 |    1.0 |
         Sewer |    313 |    313 |      0 |    193 |     77 |   1 |  313.0 |
       Ossuary |    187 |    187 |      0 |      0 |    117 |   1 |  187.0 |
        Bailey |    394 |    394 |      0 |      0 |    157 |   1 |  394.0 |
               +--------+--------+--------+--------+--------+-----+--------+

Top non-repeatable levels by time:
    D:11: 1767 daAuts
     D:8: 1398 daAuts
    D:10: 1311 daAuts
     D:1: 1262 daAuts
     D:6: 1028 daAuts
     D:9: 925 daAuts
     D:5: 788 daAuts
     D:7: 732 daAuts
     D:2: 689 daAuts
    D:12: 443 daAuts
  Bailey: 394 daAuts
   Sewer: 313 daAuts
     D:3: 242 daAuts
 Ossuary: 187 daAuts
  Temple: 1 daAuts
